 Dungeon Crawl Stone Soup version 0.27-a0-1319-geec4fb4e21 (webtiles) character file.

Game seed: 15047997621234255496

429 dolemite99 the Grappler (level 6, 0/47 HPs)
             Began as a Minotaur Transmuter on June 22, 2021.
             Was an Initiate of Fedhas.
             Killed from afar by an orc wizard (8 damage)
             ... with a magic dart
             ... on level 4 of the Dungeon.
             The game lasted 00:05:19 (5615 turns).

dolemite99 the Grappler (Minotaur Transmuter)       Turns: 5615, Time: 00:05:19

Health: 0/47       AC:  8    Str: 17    XL:     6   Next: 66%
Magic:  7/7        EV:  7    Int: 10    God:    Fedhas [......]
Gold:   111        SH:  0    Dex: 10    Spells: 6/7 levels left

rFire    . . .     SeeInvis .     - Unarmed
rCold    . . .     Faith    .   (no shield)
rNeg     . . .     Spirit   .   h - +0 chain mail
rPois    .         Reflect  .   (helmet restricted)
rElec    .         Harm     .   (no cloak)
rCorr    .         Rampage  .   (no gloves)
Will     .....                  (no boots)
Stlth    ..........             (no amulet)
HPRegen  0.15/turn              (no ring)
MPRegen  0.10/turn              (no ring)

@: lethally poisoned (0 -> -3), flying
A: horns 2, retaliatory headbutt
a: Renounce Religion


You were on level 4 of the Dungeon.
You worshipped Fedhas.
Fedhas was noncommittal.
You visited 1 branch of the dungeon, and saw 4 of its levels.

You collected 111 gold pieces.

Inventory:

Missiles
 g - 38 stones (quivered)
 o - 24 arrows
 r - 5 boomerangs of dispersal
Armour
 a - a +0 robe
 h - a +0 chain mail (worn)
Jewellery
 f - a ring of flight
 i - a ring of resist corrosion
Wands
 n - a wand of polymorph (6)
Scrolls
 c - 3 scrolls of identify {unknown}
 d - 2 scrolls of amnesia {unknown}
 j - a scroll of enchant weapon {unknown}
 k - a scroll of holy word {unknown}
 p - 2 scrolls of enchant armour {unknown}
 q - a scroll of teleportation {unknown}
Potions
 e - 2 potions of heal wounds {unknown}
 l - a potion of flight


   Skills:
 - Level 1.2 Fighting
 - Level 2.1 Dodging
 + Level 8.3 Unarmed Combat
 - Level 1.3 Spellcasting
 - Level 1.5 Transmutations


You had 6 spell levels left.
You knew the following spells:

 Your Spells              Type           Power      Damage    Failure   Level
a - Beastly Appendage     Tmut           6%         N/A       97%         1

Your spell library contained the following spells:

 Spells                   Type           Power      Damage    Failure   Level
 Wereblood                Tmut           3%         N/A       99%         2
 Spider Form              Tmut/Pois      1%         N/A       100%        3
 Ice Form                 Ice/Tmut       2%         N/A       100%        4


Dungeon Overview and Level Annotations

Branches:
Dungeon (4/15)
 Temple: D:4-7

Altars:
Ashenzari
Dithmenos
Elyvilon
Fedhas
Kikubaaqudgha
Trog
Uskayaw
Zin

Shops:
D:1 (

Annotations:
D:2 1 runed translucent door, Crazy Yiuf


Innate Abilities, Weirdness & Mutations

You have a pair of horns on your head.
You reflexively headbutt those who attack you in melee.


Message History

The orc is heavily wounded.
You feel sick. Something hits you but does no damage.
The orc priest barely misses you. The orc barely misses you.
You furiously retaliate!
You headbutt the orc!
You kill the orc!
Fedhas appreciates your contribution to the ecosystem.
A rat, a river rat and a kobold come into view.
You feel sick.
The kobold shouts!
Something hits you. The kobold hits you but does no damage.
The orc priest invokes the aid of Beogh against you.
Beogh smites you!
Things that are here:
a +2 dagger of venom; an orc corpse You punch the orc priest!
The orc priest is severely wounded.
You feel sick. Something hits you but does no damage.
The orc priest looks encouraged for a moment.
The kobold hits you but does no damage.
You hit the orc priest.
The orc priest is almost dead.
You feel sick. Something hits you but does no damage.
The kobold barely misses you. You furiously retaliate!
You headbutt the kobold, but do no damage.
The orc priest hits you but does no damage.
You hit the orc priest but do no damage.
The orc priest is almost dead.
You feel sick. Something completely misses you. The kobold barely misses you.
The orc priest mumbles some strange prayers to Beogh against you.
Beogh smites you!
* * * LOW HITPOINT WARNING * * *
You barely miss the orc priest.
The orc priest is almost dead.
You feel sick.
A worm comes into view.
You hear some strange, mumbled words.
A magic dart appears from out of thin air!
The magic dart hits you!
You die...
Fedhas appreciates your contribution to the ecosystem.

...........##.#.##
.........#.##....#
.....<.....##.#.##
##
#....#.#####.#..#
≈≈# #....#>#
##...# ≈≈#
#...[#.# ##..##wr#
#....#.# #...#r≈#
#.#.##.#
#.#.'##+.#
#..>...#
#.#@{....#
......##
......oK####.#
......# .####....
....... ##.K#.
........ #..###
.......## #.(.
#.## ..


You could see a worm, an orc priest, a river rat, 2 kobolds and a rat.

Vanquished Creatures
  An ogre (D:4)
  A scorpion (D:4)
  A hound (D:4)
  An orc priest (D:3)
  2 orc wizards
  A hound skeleton (D:4)
  4 gnolls (D:3)
  3 adders
  An ufetubus (D:3)
  An adder skeleton (D:4)
  4 worms (D:2)
  3 dart slugs
  10 orcs
  5 ball pythons
  6 endoplasms
  4 giant cockroaches
  8 goblins
  4 hobgoblins
  2 jackals (D:1)
  7 kobolds
  A quokka (D:1)
  7 bats
  A frilled lizard (D:1)
  3 rats
81 creatures vanquished.

Notes
Turn   | Place    | Note
-------+----------+-------------------------------------------
     0 | D:1      | dolemite99 the Minotaur Transmuter began the quest for the
                  | Orb.
     0 | D:1      | Reached XP level 1. HP: 16/16 MP: 1/1
   257 | D:1      | Reached XP level 2. HP: 15/23 MP: 3/3
   387 | D:1      | Reached skill level 4 in Unarmed Combat
   884 | D:1      | Found Qezxek's Weapon Boutique.
  1552 | D:2      | Found a runed translucent door.
  1553 | D:2      | Noticed Crazy Yiuf
  1662 | D:2      | Reached XP level 3. HP: 28/28 MP: 4/4
  1901 | D:2      | Found an ancient bone altar of Kikubaaqudgha.
  2129 | D:2      | Reached skill level 5 in Unarmed Combat
  2922 | D:3      | Reached XP level 4. HP: 26/35 MP: 5/5
  2936 | D:3      | Reached skill level 6 in Unarmed Combat
  3803 | D:3      | Found a faded altar of an unknown god.
  3901 | D:3      | Reached XP level 5. HP: 35/40 MP: 6/6
  4474 | D:3      | Found a glowing silver altar of Zin.
  4476 | D:3      | Found a broken altar of Ashenzari.
  4478 | D:3      | Found a white marble altar of Elyvilon.
  4487 | D:3      | Found a blossoming altar of Fedhas.
  4494 | D:3      | Found a bloodstained altar of Trog.
  4499 | D:3      | Found a hide-covered altar of Uskayaw.
  4515 | D:3      | Found a shadowy altar of Dithmenos.
  4771 | D:3      | Became a worshipper of Fedhas Madash
  4843 | D:4      | Reached skill level 7 in Unarmed Combat
  4959 | D:4      | Reached XP level 6. HP: 26/47 MP: 7/7
  5383 | D:4      | Reached skill level 8 in Unarmed Combat
  5615 | D:4      | Killed from afar by an orc wizard

Illustrated notes

Levels and vault maps discovered:
D:1:      erik_arrival_cave_to_civilisation [erik_arrival_cave_to_hall],
          layout_basic, serial_shops, nicolae_square_shop
D:2:      layout_basic, basic_altar, uniq_crazy_yiuf_cottage
D:3:      layout_basic, grunt_temple_overflow_octagram,
          shapermc_ecumenical_altar_mp_highgroup, st_stairs_7,
          grunt_decor_clamped
D:4:      layout_loops_cross, gup_sewer_entry_bowl

Skill      XL: |  1  2  3  4  5  6 |
---------------+-------------------+-----
Unarmed Combat | 4 5 6 7 8 |  8.3
Fighting       | |  1.2
Dodging        | |  2.1
Spellcasting   | |  1.3
Transmutations | |  1.5

Action                   |  1- 3 |  4- 6 || total
-------------------------+-------+-------++-------
Melee: Unarmed           |   102 |   109 ||   211
       Headbutt          |    14 |    16 ||    30
       Punch             |     1 |     4 ||     5
Throw: Boomerang         |    50 |       ||    50
       Stone             |    13 |     4 ||    17
       Dart              |       |    55 ||    55
  Use: Potion            |       |     4 ||     4
Armor: Robe              |     4 |       ||     4
       Chain mail        |    37 |    61 ||    98
Dodge: Dodged            |    38 |    41 ||    79

Table legend: (Time is in decaauts)
 A = Elapsed time spent in this place.
 B = Non-inter-level travel time spent in this place.
 C = Inter-level travel time spent in this place.
 D = Time resting spent in this place.
 E = Time spent auto-exploring this place.
 F = Levels seen in this place.
 G = Mean time per level.
                   A        B        C        D        E       F      G
               +--------+--------+--------+--------+--------+-----+--------+
         Total |   5618 |   5322 |    296 |   1112 |   3526 |   4 | 1404.5 |
       Dungeon |   5618 |   5322 |    296 |   1112 |   3526 |   4 | 1404.5 |
               +--------+--------+--------+--------+--------+-----+--------+

Top non-repeatable levels by time:
     D:3: 2036 daAuts
     D:2: 1504 daAuts
     D:1: 1307 daAuts
     D:4: 769 daAuts
